 Dungeon Crawl Stone Soup version 0.18.1-6-gd335043 (webtiles) character file.

56 Chiseanne the Vexing (level 3, 0/20 HPs)
             Began as a Deep Elf Arcane Marksman on May 17, 2016.
             Slain by an adder (1 damage)
             ... on level 2 of the Dungeon.
             The game lasted 00:05:38 (1900 turns).

Chiseanne the Vexing (Deep Elf Arcane Marksman)     Turns: 1900, Time: 00:05:40

Health: 0/20       AC:  5    Str:  8    XL:     3   Next: 69%
Magic:  9/9        EV: 10    Int: 17    God:
Gold:   32         SH:  3    Dex: 15    Spells: 1 memorised, 6 levels left

rFire  . . .     SeeInvis .     w - +0 hunting sling
rCold  . . .     Gourm    .     n - +0 ring mail
rNeg   . . .     Faith    .     v - +0 buckler
rPois  .         Spirit   .     (no helmet)
rElec  .         Dismiss  .     (no cloak)
rCorr  .         Reflect  .     (no gloves)
SustAt .         Harm     .     (no boots)
MR     .....                    (no amulet)
Stlth  +.........               (no ring)
                                (no ring)

@: about to teleport, not resistant to hostile enchantments, very unstealthy
A: no striking features
a: no special abilities


You were on level 2 of the Dungeon.
You were not hungry.

You visited 1 branch of the dungeon, and saw 3 of its levels.

You collected 32 gold pieces.

Inventory:

Hand Weapons
 a - a +0 mace
 q - a +2 spear of piercing
 t - a +2 mace of protection
 w - a +0 hunting sling (weapon)
Missiles
 b - 45 arrows
 d - 9 sling bullets
 h - 92 stones (quivered)
Armour
 n - a +0 ring mail (worn)
 v - a +0 buckler (worn)
Jewellery
 i - a cursed ring of teleportation {unknown}
 k - a +4 ring of intelligence {unknown}
Scrolls
 g - 3 scrolls of teleportation
 r - a scroll of magic mapping
Potions
 e - a potion of might {unknown}
 j - 2 potions of curing {unknown}
 l - a potion of cure mutation {unknown}
 m - a potion of heal wounds {unknown}
 s - 2 potions of cancellation {unknown}
Books
 c - a book of Debilitation

   Spells                             Type                      Level
   a - Corona                         Hexes                        1
   b - Slow                           Hexes                        2
   c - Gell's Gravitas                Hexes/Translocation          3
   d - Inner Flame                    Hexes/Fire                   3
   e - Cause Fear                     Hexes                        4
   f - Leda's Liquefaction            Hexes/Earth                  4
Comestibles
 f - 2 bread rations
 o - 5 chunks of flesh
 p - a beef jerky
 u - a slice of pizza


   Skills:
 - Level 0.7 Fighting
 * Level 2.7 Slings
 - Level 2.4 Dodging
 + Level 2.6 Spellcasting
 + Level 4.5 Hexes


You had 6 spell levels left.
You knew the following spells:

 Your Spells              Type           Power        Failure   Level  Hunger
a - Corona                Hex            ###....      17%         1    #......


Dungeon Overview and Level Annotations

Branches:
Dungeon (3/15)

Altars:

Annotations:
D:2 Terence


Message History

There is a stone staircase leading up here.
You climb upwards.
Level annotation: Terence The goblin shouts!
An adder comes into view.
The goblin throws a tomahawk.
The tomahawk closely misses you. You block the adder's attack.
Found a tomahawk and a scale mail.
There is a stone staircase leading down here.
Read which item? (? for menu, Esc to quit)
As you read the scroll of teleportation, it crumbles to dust.
You feel strangely unstable.
The goblin throws a tomahawk.
The tomahawk barely misses you. You block the adder's attack.
The goblin throws a tomahawk.
The tomahawk hits you.
* * * LOW HITPOINT WARNING * * *
You see here a tomahawk.
The goblin throws a tomahawk.
The tomahawk hits you.
* * * LOW HITPOINT WARNING * * *
The adder bites you.
You die...

## #.# #.#######
## #.#...... #.
.........
#.##........
#####.@..#...##
#.....S(......#.
#####.#(>....g..
#.##....#.#. #.
#....# #.
#...... #.
#....#.# #.
#....# # ......


You could see an adder and a goblin.

Vanquished Creatures
  An ooze (D:1)
  2 worms
  2 giant geckos (D:1)
  A giant cockroach (D:1)
  4 goblins
  10 hobgoblins
  6 kobolds
  A quokka (D:2)
  6 bats
  2 giant newts (D:1)
  5 rats
40 creatures vanquished.

Notes
Turn   | Place    | Note
--------------------------------------------------------------
     0 | D:1      | Chiseanne the Deep Elf Arcane Marksman began the quest for the Orb.
     0 | D:1      | Reached XP level 1. HP: 11/11 MP: 5/5
   388 | D:1      | Reached XP level 2. HP: 16/16 MP: 6/6
   661 | D:1      | Reached XP level 3. HP: 14/20 MP: 6/8
  1697 | D:2      | Noticed Terence
  1900 | D:2      | HP: 1/20 [goblin/tomahawk (4)]
  1900 | D:2      | Slain by an adder

Skill      XL: |  1  2 |
---------------+-------+-----
Slings         | 2 |  2.7
Spellcasting   | 2 |  2.6
Fighting       | |  0.7
Dodging        | |  2.4
Hexes          | |  4.5

Action                   || total
-------------------------++-------
Melee: Mace              ||     8
 Fire: Hunting sling     ||   123
 Cast: Corona            ||    20
  Use: Scroll            ||     3
  Eat: Chunk             ||     3
Armor: Robe              ||     6
       Ring mail         ||     7
Dodge: Dodged            ||    46
Block: Buckler           ||     2
